 Dungeon Crawl Stone Soup version 0.23.0 (webtiles) character file.

Game seed: 14418560888191975273

163 tidbits the Charmwright (level 5, 5/43 HPs)
             Began as a Gnoll Skald on Feb 11, 2019.
             Quit the game on level 5 of the Dungeon.
             The game lasted 00:04:21 (435 turns).

tidbits the Charmwright (Gnoll Skald)                Turns: 435, Time: 00:04:22

Health: 5/43       AC:  3    Str: 13    XL:     5   Next: 44%
Magic:  7/12       EV: 14    Int: 16    God:
Gold:   48         SH:  0    Dex: 15    Spells: 3/14 levels left

rFire    . . .     SeeInvis .   a - +0 spear
rCold    . . .     Gourm    .   (no shield)
rNeg     . . .     Faith    .   b - +0 leather armour
rPois    .         Spirit   .   (no helmet)
rElec    .         Reflect  .   (no cloak)
rCorr    +         Harm     .   (no gloves)
MR       .....                  (no boots)
Stlth    ++........             (no amulet)
HPRegen  0.14/turn              (no ring)
MPRegen  0.13/turn              m - ring of resist corrosion

@: very slightly contaminated, lightly drained
A: distributed training, fangs 1, strong nose
a: no special abilities


You were on level 5 of the Dungeon.
You were not hungry.

You visited 1 branch of the dungeon, and saw 6 of its levels.

You collected 48 gold pieces.

Inventory:

Hand Weapons
 a - a +0 spear (weapon)
 g - a +0 dagger
 h - a +0 hunting sling
Missiles
 i - 8 arrows
 k - 27 stones (quivered)
Armour
 b - a +0 leather armour (worn)
Jewellery
 m - a ring of resist corrosion (right hand)
   (You found it on level 5 of the Dungeon)
Wands
 c - a wand of polymorph (10)
Scrolls
 e - a scroll of remove curse
 f - 2 scrolls of amnesia {unknown}
Comestibles
 d - 4 rations


   Skills:
 + Level 4.8(4.5) Fighting
 + Level 1.4(1.2) Short Blades
 + Level 1.4(1.2) Long Blades
 + Level 1.4(1.2) Axes
 + Level 1.4(1.2) Maces & Flails
 + Level 4.8(4.5) Polearms
 + Level 1.4(1.2) Staves
 + Level 1.4(1.2) Slings
 + Level 1.4(1.2) Bows
 + Level 1.4(1.2) Crossbows
 + Level 1.4(1.2) Throwing
 + Level 3.0(2.7) Armour
 + Level 4.8(4.5) Dodging
 + Level 1.4(1.2) Stealth
 + Level 1.4(1.2) Shields
 + Level 1.4(1.2) Unarmed Combat
 + Level 5.2(4.9) Spellcasting
 + Level 1.1(0.9) Conjurations
 + Level 1.1(0.9) Hexes
 + Level 5.5(5.2) Charms
 + Level 1.1(0.9) Summonings
 + Level 1.1(0.9) Necromancy
 + Level 1.1(0.9) Translocations
 + Level 1.1(0.9) Transmutations
 + Level 1.1(0.9) Fire Magic
 + Level 1.1(0.9) Ice Magic
 + Level 1.1(0.9) Air Magic
 + Level 1.1(0.9) Earth Magic
 + Level 1.1(0.9) Poison Magic
 + Level 1.6(1.4) Invocations
 + Level 1.4(1.2) Evocations


You had 3 spell levels left.
You knew the following spells:

 Your Spells              Type           Power        Failure   Level  Hunger
g - Shroud of Golubria    Chrm/Tloc      ##........   9%          2    ##.....
i - Infusion              Chrm           ###.         2%          1    None
r - Regeneration          Chrm/Necr      ##........   16%         3    ###....
w - Spectral Weapon       Hex/Chrm       ##......     16%         3    ###....
y - Song of Slaying       Chrm           ###.....     3%          2    ##.....

Your spell library contained the following spells:

 Spells                   Type           Power        Failure   Level  Hunger


Dungeon Overview and Level Annotations

Branches:
Dungeon (6/15)
 Temple: D:4-7

Altars:
Trog


Innate Abilities, Weirdness & Mutations

Your experience applies equally to all skills.
You have very sharp teeth.
Your uncanny sense of smell can sniff out nearby items.


Message History

Space distorts slightly along a thin shroud covering your body.
The hound stops to sniff the ground.
The hound barely misses you. The wight hits you with a +0 falchion.
You feel drained.
Unknown command.
You closely miss the wight. You bite the wight, but do no damage.
Your spectral weapon hits the wight.
The hound bites you. The wight misses you. The hound misses you.
You hit the wight.
The wight is heavily damaged.
Your spectral weapon hits the wight but does no damage.
The hound barely misses you.
The wight barely misses your spectral weapon.
You barely miss the wight.
The wight is heavily damaged.
Your spectral weapon completely misses the wight.
The hound barely misses you. The wight hits you but does no damage.
You hit the wight but do no damage.
The wight is heavily damaged.
Your spectral weapon hits the wight but does no damage.
The hound completely misses you. The hound bites you.
You hit the wight but do no damage.
The wight is heavily damaged.
Your spectral weapon barely misses the wight.
The wight barely misses you. The jelly closely misses you.
The hound misses you.
You hit the wight but do no damage.
The wight is heavily damaged.
Your spectral weapon completely misses the wight.
Your shroud bends the hound's attack away.
The wight hits you with a +0 falchion.
You feel drained.
Your shroud bends the jelly's attack away.
You closely miss the wight.
The wight is heavily damaged.
Your spectral weapon closely misses the wight.
The hound closely misses you. The wight completely misses you.
The jelly barely misses you. The hound bites you.
* * * LOW HITPOINT WARNING * * *
Your shroud falls apart!
You completely miss the wight.
The wight is heavily damaged.
Your spectral weapon hits the wight.
The hound misses you. The jelly misses you.
The wight hits your spectral weapon with a +0 falchion.
Your spectral weapon shares its damage with you!
* * * LOW HITPOINT WARNING * * *
You hit the wight but do no damage.
The wight is severely damaged.
Your spectral weapon barely misses the wight.
The hound completely misses you. The jelly barely misses you.
You barely miss the wight.
The wight is severely damaged.
Your spectral weapon barely misses the wight.
The hound barely misses you. The wight barely misses you. The hound bites you.
* * * LOW HITPOINT WARNING * * *
The jelly barely misses you.
You completely miss the wight.
The wight is severely damaged.
Your spectral weapon hits the wight but does no damage.
The wight misses you. The hound closely misses you.
You hit the wight.
The wight is severely damaged.
Your spectral weapon hits the wight.
You destroy the wight!
Your base Armour skill increases to level 3!
The hound bites you.
* * * LOW HITPOINT WARNING * * *
The jelly hits you.
* * * LOW HITPOINT WARNING * * *
You are splashed with acid.
You resist.
* * * LOW HITPOINT WARNING * * *
It was a potion of curing.
You feel better. The hound closely misses you. The jelly completely misses you.
The hound barely misses you.
Unknown command.
You hit the jelly.
Your hands burn!
* * * LOW HITPOINT WARNING * * *
The jelly is lightly wounded.
Your spectral weapon fades away.
The jelly barely misses you. The hound bites you.
* * * LOW HITPOINT WARNING * * *
The hound closely misses you. The hound barely misses you. The hound bites you.
* * * LOW HITPOINT WARNING * * *
There is a stone staircase leading up here.
The hound barely misses you. The jelly hits you but does no damage.
The hound closely misses you.
You climb upwards.
There is a stone staircase leading down here.
Unknown command.
The hound completely misses you. The hound barely misses you.
Blink to where?
Press: ? - help, Dir - move target cursor You are very lightly contaminated with residual magic.
As you read the scroll labeled GUHIASCHARYT, it crumbles to dust.
It was a scroll of blinking.
A hound is nearby!
Unknown command.
Are you sure you want to abandon this character and quit the game? (Confirm with "yes".)

##.. .......# #.#
###.##...# #.#
.....#...# #.#
.........# #.#
..(..#.#.# #.#
.......#.# #.#
.......#.# #.#
.....=>J.#######@#
.....#.#.§h......#
.....#.###########
####.#.# #.#.#
..#.# ###.# #.#


You could see a hound.

Vanquished Creatures
  A hornet zombie (D:4)
  A wight (D:6)
  An adder (D:4)
  An ooze (D:1)
  A dart slug (D:1)
  3 leopard geckos (D:2)
  A goblin (D:2)
  5 bats (D:1)
  2 frilled lizards
  A kobold (D:1)
  A rat (D:1)
18 creatures vanquished.

Vanquished Creatures (others)
  A spectral weapon (D:4)
1 creature vanquished.

Grand Total: 19 creatures vanquished

Notes
Turn   | Place    | Note
-------+----------+-------------------------------------------
     0 | D:1      | tidbits the Gnoll Skald began the quest for the Orb.
     0 | D:1      | Reached XP level 1. HP: 20/20 MP: 6/6
    64 | D:1      | Reached XP level 2. HP: 21/26 MP: 1/7
    68 | D:1      | Learned a level 2 spell: Song of Slaying
    71 | D:1      | Learned a level 2 spell: Shroud of Golubria
   210 | D:2      | Reached XP level 3. HP: 26/31 MP: 3/9
   225 | D:3      | Learned a level 3 spell: Regeneration
   229 | D:3      | Learned a level 3 spell: Spectral Weapon
   265 | D:3      | Found a bloodstained altar of Trog.
   293 | D:4      | Reached skill level 5 in Spellcasting
   329 | D:4      | Reached skill level 1 in Short Blades
   329 | D:4      | Reached skill level 1 in Long Blades
   329 | D:4      | Reached skill level 1 in Axes
   329 | D:4      | Reached skill level 1 in Maces & Flails
   329 | D:4      | Reached skill level 1 in Staves
   329 | D:4      | Reached skill level 1 in Slings
   329 | D:4      | Reached skill level 1 in Bows
   329 | D:4      | Reached skill level 1 in Crossbows
   329 | D:4      | Reached skill level 1 in Throwing
   329 | D:4      | Reached skill level 1 in Stealth
   329 | D:4      | Reached skill level 1 in Shields
   329 | D:4      | Reached skill level 1 in Unarmed Combat
   329 | D:4      | Reached skill level 1 in Conjurations
   329 | D:4      | Reached skill level 1 in Hexes
   329 | D:4      | Reached skill level 1 in Summonings
   329 | D:4      | Reached skill level 1 in Necromancy
   329 | D:4      | Reached skill level 1 in Translocations
   329 | D:4      | Reached skill level 1 in Transmutations
   329 | D:4      | Reached skill level 1 in Fire Magic
   329 | D:4      | Reached skill level 1 in Ice Magic
   329 | D:4      | Reached skill level 1 in Air Magic
   329 | D:4      | Reached skill level 1 in Earth Magic
   329 | D:4      | Reached skill level 1 in Poison Magic
   329 | D:4      | Reached skill level 1 in Invocations
   329 | D:4      | Reached skill level 1 in Evocations
   329 | D:4      | Reached XP level 4. HP: 17/38 MP: 2/11
   329 | D:4      | Reached XP level 5. HP: 19/43 MP: 2/12
   377 | D:5      | Entered Level 5 of the Dungeon
   420 | D:6      | Reached skill level 3 in Armour
   420 | D:6      | HP: 8/43 [jelly (1)]
   427 | D:6      | HP: 4/43 [hound (5)]
   435 | D:5      | Quit the game

Skill      XL: |  1  2  3  4  5 |
---------------+----------------+-----
Spellcasting   | 5 |  5.2
Short Blades   | 1 |  1.4
Long Blades    | 1 |  1.4
Axes           | 1 |  1.4
Maces & Flails | 1 |  1.4
Staves         | 1 |  1.4
Slings         | 1 |  1.4
Bows           | 1 |  1.4
Crossbows      | 1 |  1.4
Throwing       | 1 |  1.4
Stealth        | 1 |  1.4
Shields        | 1 |  1.4
Unarmed Combat | 1 |  1.4
Conjurations   | 1 |  1.1
Hexes          | 1 |  1.1
Summonings     | 1 |  1.1
Necromancy     | 1 |  1.1
Translocations | 1 |  1.1
Transmutations | 1 |  1.1
Fire Magic     | 1 |  1.1
Ice Magic      | 1 |  1.1
Air Magic      | 1 |  1.1
Earth Magic    | 1 |  1.1
Poison Magic   | 1 |  1.1
Invocations    | 1 |  1.6
Evocations     | 1 |  1.4
Armour         | 3 |  3.0
Fighting       | |  4.8
Polearms       | |  4.8
Dodging        | |  4.8
Charms         | |  5.5

Action                   |  1- 3 |  4- 6 || total
-------------------------+-------+-------++-------
Melee: Spear             |    53 |    14 ||    67
       Bite              |     5 |     1 ||     6
 Cast: Infusion          |     3 |       ||     3
       Spectral Weapon   |     3 |     1 ||     4
       Regeneration      |       |     1 ||     1
       Shroud of Golubri |       |     1 ||     1
  Use: Scroll            |       |     2 ||     2
       Potion            |       |     1 ||     1
Armor: Leather armour    |    15 |     1 ||    16
Dodge: Dodged            |    33 |    31 ||    64

Table legend:
 A = Turns spent in this place as a percentage of turns spent in the entire game.
 B = Non-inter-level travel turns spent in this place as a percentage of non-inter-level travel turns spent in the entire game.
 C = Inter-level travel turns spent in this place as a percentage of turns spent in this place.
 D = Turns resting spent in this place as a percentage of non-inter-level travel turns spent in this place.
 E = Turns spent auto-exploring this place as a percentage of non-inter-level travel turns spent in this place.
 F = Non-inter-level travel turns spent in this place divided by the number of levels of this place that you've seen.
                   A       B       C       D       E      F
               +-------+-------+-------+-------+-------+----------------------
         Total | 100.0 | 100.0 |   0.0 |   0.0 |   0.0 |  72.5
       Dungeon | 100.0 | 100.0 |   0.0 |   0.0 |   0.0 |  72.5
               +-------+-------+-------+-------+-------+----------------------

Table legend:
 A = Kills in this place as a percentage of kills in entire the game.
 B = Kills by you in this place as a percentage of kills by you in the entire game.
 C = Kills by friends in this place as a percentage of kills by friends in the entire game.
 D = Other kills in this place as a percentage of other kills in the entire game.
 E = Experience gained in this place as a percentage of experience gained in the entire game.
 F = Experience gained in this place divided by the number of levels of this place that you have seen.
                   A       B       C       D       E      F
               +-------+-------+-------+-------+-------+----------------------
         Total | 100.0 | 100.0 |   N/A |   N/A | 100.0 |  38.8
       Dungeon | 100.0 | 100.0 |   N/A |   N/A | 100.0 |  38.8
               +-------+-------+-------+-------+-------+----------------------

Levels and vault maps discovered:
D:1:      elethiomel_arrival_maze, layout_loops_ring
D:2:      layout_basic, kiku_gazebo_pond_becter, vehumet_crystals,
          chequers_serial_rivers_micro_e
D:3:      layout_loops_cross, lemuel_coloured_pillars_altar, st_stairs_9,
          trog_hazing_becter, uniq_natasha, uniq_ijyb, uniq_robin, uniq_terence
D:4:      layout_loops_ring, kennysheep_little_box, zin_treasury,
          temple_statues, first_ration, corexii_corridor_pit
D:5:      layout_basic, kennysheep_okawaru_gauntlet
D:6:      layout_cave_pools, overflow_temple_1_default, bloody_trog,
          hangedman_decor_clover_reticule, uniq_sigmund
